 Dungeon Crawl Stone Soup version 0.16.0-12-g7215832 (webtiles) character file.

2704 valak23 the Quickloader (level 9, 0/68 HPs)
             Began as a Centaur Hunter on Mar 19, 2015.
             Was an Initiate of the Shining One.
             Slain by a goliath beetle (18 damage)
             ... on level 6 of the Dungeon.
             The game lasted 00:43:29 (7511 turns).

valak23 the Quickloader (Centaur Hunter)            Turns: 7511, Time: 00:43:29

Health: 0/68       AC: 14    Str: 15    XL:     9   Next: 39%
Magic:  16/16      EV:  7    Int: 10    God:    the Shining One [......]
Gold:   437        SH:  3    Dex: 13    Spells: 1 memorised, 5 levels left

rFire  . . .     SeeInvis .     h - +0 dagger (elec)
rCold  + . .     Clarity  +     m - +0 ring mail
rNeg   . . .     SustAb   .     O - +0 buckler
rPois  .         Gourm    .     (no helmet)
rElec  .         Spirit   .     e - +0 cloak
rCorr  .         Warding  .     (no gloves)
rMut   .         Stasis   .     p - +3 centaur barding
MR     .....                    M - amulet of clarity
Stlth  ..........               k - ring of magical power
                                B - ring of protection from cold

@: very quick, not resistant to hostile enchantments, extremely unstealthy
A: hooves 3, deformed body, speed 2, tough skin 3
a: Renounce Religion


You were on level 6 of the Dungeon.
You worshipped the Shining One.
The Shining One was noncommittal.
You were not hungry.

You visited 2 branches of the dungeon, and saw 7 of its levels.
You also visited: Ossuary.

You collected 437 gold pieces.

Inventory:

Hand weapons
 a - a +0 short sword
 b - a +6 hand crossbow
 g - a +0 spear
 h - a +0 dagger of electrocution (weapon)
 i - a +0 hunting sling
 l - a cursed +0 shortbow
 q - a +0 long sword
 E - a +0 blowgun
Missiles
 o - 2 arrows of dispersal
 L - 37 stones (quivered)
 V - 2 throwing nets
Armour
 e - a +0 cloak (worn)
 m - a +0 ring mail (worn)
 p - a +3 centaur barding (worn)
 O - a +0 buckler (worn)
Jewellery
 c - an uncursed amulet of warding
 k - a ring of magical power (right hand)
 B - a ring of protection from cold (left hand)
 M - an amulet of clarity (around neck)
Magical devices
 f - a wand of polymorph (18)
 u - a wand of teleportation (6)
 y - a wand of polymorph (11)
 H - a wand of digging (12)
 W - a wand of enslavement (10)
Scrolls
 r - 5 scrolls of teleportation
 w - 5 scrolls of amnesia
 x - a scroll of fog
 z - 4 scrolls of identify
 J - a scroll of vulnerability {unknown}
 N - 2 scrolls of fear
Potions
 d - a potion of restore abilities
 n - a potion of cure mutation
 s - a potion of haste
 C - 2 potions of magic
 D - a potion of might
 F - a potion of lignification
 G - a potion of degeneration
 K - 6 potions of curing
 R - a potion of poison
 X - a potion of agility
Books
 v - a book of Envenomations

   Spells                             Type                      Level
   a - Spider Form                    Transmutation/Poison         3
   b - Alistair's Intoxication        Transmutation/Poison         4
   c - Olgreb's Toxic Radiance        Poison                       4
   d - Poisonous Cloud                Conjuration/Poison/Air       6
   The Shining One disapproves of the use of such an item.
 I - a book of Dreams

   Spells                             Type                      Level
   a - Ensorcelled Hibernation        Hexes/Ice                    2
   b - Flight                         Charms/Air                   3
   c - Phase Shift                    Translocation                5
   d - Shadow Creatures               Summoning                    5
   e - Mass Confusion                 Hexes                        6
   f - Darkness                       Hexes                        7
Comestibles
 j - a fruit
 S - a beef jerky


   Skills:
 + Level 2.4 Fighting
 + Level 0.8(0.9) Short Blades
 + Level 0.1(0.5) Long Blades
 + Level 0.1 Polearms
 + Level 0.9(1.9) Slings
 * Level 12.5 Crossbows
 + Level 3.2(3.4) Throwing
 + Level 2.2 Armour
 + Level 3.2 Dodging
 + Level 0.8 Stealth
 + Level 0.5 Shields


You had 5 spell levels left.
You knew the following spells:

 Your Spells              Type           Power        Failure   Level  Hunger
a - Spider Form           Trmt/Pois      #.........   100%        3    ####...


Dungeon Overview and Level Annotations

Branches:
Dungeon (6/15)             Temple (1/1) D:5

Altars:
Ashenzari
Cheibriados
Dithmenos
Fedhas
Gozag
Kikubaaqudgha
Makhleb
Nemelex Xobeh
Okawaru
Qazlal
Ru
Trog
Vehumet
Xom
Yredelemnul
Zin
The Shining One


Innate Abilities, Weirdness & Mutations

You have hooves in place of feet.
Armour fits poorly on your strangely shaped body.
You cover ground very quickly.
You have extremely tough skin (AC +3).


Message History

The javelin hits the goliath beetle but does no damage.
The goliath beetle is lightly wounded.
You hit the goliath beetle but do no damage.
The goliath beetle is lightly wounded.
The goliath beetle bites you!
You hit the goliath beetle.
The goliath beetle is lightly wounded.
You hit the goliath beetle but do no damage.
There is a sudden explosion of sparks!
The goliath beetle is moderately wounded.
The goliath beetle bites you!
* * * LOW HITPOINT WARNING * * *
You hit the goliath beetle but do no damage.
There is a sudden explosion of sparks!
The goliath beetle is severely wounded.
Your shield and ring mail prevent you from hitting the goliath beetle.
You kick the goliath beetle.
The goliath beetle is severely wounded.
The goliath beetle bites you!!
You die...

##..............#♣♣♣≈≈...
#.........[.....# ♣P#...
##..............# ###...
####...........# ##..
####........## #..
##..#.....## ##.
##.#####...## ## #..#
###..### #@## ##...####
#.......B# ###.....
....._(P≈ ##..(.
.......≈≈≈ #.....
........P≈≈ #.....
...?....... ##.....
$........?. #......
......... #...... ...
##......


You could see a goliath beetle.

Vanquished Creatures
  Pikel (D:4)
  Grinder (D:5)
  Eustachio (D:4)
  Edmund (D:5)
  Menkaure (Ossuary)
  The ghost of valak23 the Sneak, an average SpEn of Kikubaaqudgha (D:3)
  A phantom (D:4)
  A slave (D:4)
  2 ogres
  A centaur (D:6)
  A giant frog (D:6)
  Blork the orc (D:4)
  An elf zombie (Ossuary)
  3 vampire bats (D:3)
  4 electric eels (D:6)
  2 crimson imps
  A giant frog zombie (D:6)
  3 hounds
  A centaur zombie (Ossuary)
  2 iguanas (D:5)
  A centaur skeleton (D:4)
  A giant frog skeleton (D:4)
  3 worker ants (D:5)
  4 ogre zombies (Ossuary)
  Ijyb (D:2)
  A hound skeleton (D:4)
  7 mummies
  A worker ant zombie (D:5)
  A gnoll (D:1)
  7 adders
  A giant mite (D:4)
  A shadow imp (D:5)
  7 adder zombies
  6 giant geckos
  An ooze (D:5)
  6 orcs
  11 bats
  4 bat skeletons (D:3)
  2 bat zombies (D:3)
  3 giant cockroaches
  A gnoll zombie (Ossuary)
  7 hobgoblins
  2 quokkas
  A ball python (D:6)
  2 giant newts
  18 goblins
  3 goblin zombies (Ossuary)
  2 hobgoblin zombies (Ossuary)
  9 jackals
  10 kobolds
  4 kobold zombies (Ossuary)
  4 quokka zombies (Ossuary)
  11 rats
  4 rat zombies (Ossuary)
  5 plants (D:6)
182 creatures vanquished.

Vanquished Creatures (others)
  A slave (D:4)
  Sigmund (D:4)
  An adder skeleton (D:4)
  A plant (D:6)
4 creatures vanquished.

Grand Total: 186 creatures vanquished

Notes
Turn   | Place    | Note
--------------------------------------------------------------
     0 | D:1      | valak23, the Centaur Hunter, began the quest for the Orb.
     0 | D:1      | Reached XP level 1. HP: 17/17 MP: 1/1
   286 | D:1      | Reached XP level 2. HP: 11/24 MP: 2/2
   314 | D:1      | Reached skill level 5 in Crossbows
   680 | D:1      | Reached XP level 3. HP: 29/29 MP: 3/3
  1690 | D:2      | Noticed Ijyb
  1702 | D:2      | Killed Ijyb
  1702 | D:2      | Reached skill level 6 in Crossbows
  1702 | D:2      | Reached XP level 4. HP: 36/36 MP: 3/3
  1899 | D:3      | Found a burning altar of Makhleb.
  2043 | D:3      | Noticed valak23's ghost (average SpEn)
  2049 | D:3      | Killed valak23's ghost
  2049 | D:3      | Reached skill level 7 in Crossbows
  2049 | D:3      | Reached skill level 1 in Throwing
  2049 | D:3      | Reached XP level 5. HP: 37/41 MP: 4/4
  2431 | D:3      | Found an ancient bone altar of Kikubaaqudgha.
  2435 | D:3      | Reached XP level 6. HP: 48/48 MP: 5/5
  2685 | D:4      | Learned a level 3 spell: Spider Form
  2750 | D:4      | Reached skill level 8 in Crossbows
  2818 | D:4      | Noticed Pikel
  2843 | D:4      | Killed Pikel
  2843 | D:4      | Reached skill level 9 in Crossbows
  2843 | D:4      | Reached skill level 1 in Armour
  2843 | D:4      | Reached XP level 7. HP: 18/55 MP: 5/5
  2962 | D:4      | Reached skill level 10 in Crossbows
  2971 | D:4      | Found a blossoming altar of Fedhas.
  3009 | D:4      | Noticed Blork the orc
  3034 | D:4      | Killed Blork the orc
  3034 | D:4      | Reached XP level 8. HP: 27/61 MP: 6/6
  3087 | D:4      | Killed Sigmund
  3346 | D:4      | Noticed Eustachio
  3352 | D:4      | Killed Eustachio
  3597 | D:5      | Entered Level 5 of the Dungeon
  3690 | D:5      | Noticed Grinder
  3697 | D:5      | Killed Grinder
  3697 | D:5      | Reached skill level 11 in Crossbows
  3788 | D:5      | Found a sand-covered staircase.
  3825 | Ossuary  | Entered an ossuary
  3895 | Ossuary  | Noticed Menkaure
  3961 | Ossuary  | Killed Menkaure
  4675 | D:5      | Reached skill level 12 in Crossbows
  4952 | D:5      | Noticed Edmund
  4960 | D:5      | Killed Edmund
  4960 | D:5      | Reached XP level 9. HP: 64/67 MP: 7/7
  5122 | D:5      | Found a staircase to the Ecumenical Temple.
  5128 | Temple   | Entered the Ecumenical Temple
  5235 | Temple   | Became a worshipper of the Shining One
  5756 | D:5      | Found a glowing silver altar of Zin.
  5933 | D:6      | HP: 2/67 [electric eel/bolt of electricity (7)]
  7494 | D:6      | Found a stormy altar of Qazlal.
  7511 | D:6      | Slain by a goliath beetle

Action                   |  1- 3 |  4- 6 |  7- 9 || total
-------------------------+-------+-------+-------++-------
Melee: Long sword        |    14 |       |       ||    14
       Dagger            |       |    18 |   134 ||   152
       Spear             |       |       |    57 ||    57
 Fire: Hand crossbow     |   116 |   108 |   185 ||   409
       Hunting sling     |       |       |    49 ||    49
Throw: Tomahawk          |    11 |       |    64 ||    75
       Stone             |       |       |    17 ||    17
       Javelin           |       |       |    16 ||    16
  Use: Scroll            |       |     6 |    29 ||    35
       Potion            |       |       |     5 ||     5
  Eat: Bread ration      |     1 |       |     1 ||     2
       Meat ration       |       |       |     1 ||     1
       Pizza             |       |       |     2 ||     2
       Beef jerky        |       |       |     1 ||     1
